 Dungeon Crawl Stone Soup version 0.19.0-20-gbc5f0c6 (webtiles) character file.

196188 Krapule the Tortoise (level 17, -1/144 HPs)
             Began as a Minotaur Fighter on Nov 16, 2016.
             Was the Champion of Okawaru.
             Killed by Shatter
             ... invoked by Jorgrun
              (116 damage)
             ... on level 3 of the Shoals on Nov 17, 2016.
             The game lasted 02:48:08 (34011 turns).

Krapule the Tortoise (Minotaur Fighter)            Turns: 34011, Time: 02:48:08

Health: -1/144     AC: 35    Str: 29    XL:     17   Next: 73%
Magic:  25/25      EV:  2    Int:  6    God:    Okawaru [******]
Gold:   792        SH:  0    Dex: 19    Spells: 0 memorised, 16 levels left

rFire  + . .     SeeInvis .     b - +4 trident of the Open Hand {flame, +Inv rC+}
rCold  + . .     Gourm    .     E - +2 plate armour "Tenudd" {rElec rF+}
rNeg   + + +     Faith    +     T - +0 shield {reflect}
rPois  ∞         Spirit   .     B - +2 hat "Umeeh" {rPois Str+4}
rElec  +         Reflect  +     h - +1 cloak
rCorr  .         Harm     .     V - +2 pair of gloves {Dex+3}
MR     +....                    H - +2 pair of boots {Stlth+}
Stlth  ..........               K - amulet of faith
                                Z - +4 ring of dexterity
                                S - +3 ring of evasion

@: petrified, heroism
A: retaliatory headbutt, horns 2, frail 1
a: Heroism, Finesse, Renounce Religion, Evoke Invisibility
}: 1/15 runes: abyssal


You were on level 3 of the Shoals.
You worshipped Okawaru.
Okawaru was exalted by your worship.
You were not hungry.

You visited 6 branches of the dungeon, and saw 25 of its levels.
You visited the Abyss 1 time.
You also visited: Sewer.

You collected 2312 gold pieces.
You spent 1520 gold pieces at shops.

Inventory:

Hand Weapons
 b - the +4 trident of the Open Hand (weapon) {flame, +Inv rC+}
   (Okawaru gifted it to you on level 6 of the Lair of Beasts)

   It has been specially enchanted to burn those struck by it, causing extra
   injury to most foes and up to half again as much damage against particularly
   susceptible opponents.
   It protects you from cold.
   It lets you turn invisible.
Missiles
 d - 2 throwing nets (quivered)
Armour
 a - a +0 crystal plate armour
 h - a +1 cloak (worn)
 m - a +2 shield of protection
 B - the +2 hat "Umeeh" (worn) {rPois Str+4}
   (Okawaru gifted it to you on level 2 of the Lair of Beasts)

   It affects your strength (+4).
   It protects you from poison.
 E - the +2 plate armour "Tenudd" (worn) {rElec rF+}
   (You found it on level 2 of the Lair of Beasts)

   It protects you from fire.
   It insulates you from electricity.
 H - a +2 pair of boots of stealth (worn)
 T - a +0 shield of reflection (worn)
 V - a +2 pair of gloves of dexterity (worn)
Jewellery
 w - an uncursed ring of positive energy
 F - an uncursed ring of resist corrosion
 K - an amulet of faith (around neck)
 S - a +3 ring of evasion (left hand)
 Z - a +4 ring of dexterity (right hand)
Wands
 i - a wand of heal wounds (0/9)
 o - a wand of teleportation (0/9)
 s - a wand of iceblast (3/15)
Scrolls
 k - 11 scrolls of remove curse
 l - 4 scrolls of magic mapping
 n - 3 scrolls of immolation
 A - 2 scrolls of fog
 L - 2 scrolls of blinking
Potions
 c - a potion of invisibility
 e - 8 potions of flight
 j - 2 potions of brilliance
 p - a potion of berserk rage {unknown}
 r - a potion of cancellation
 v - 4 potions of heal wounds
 x - 6 potions of agility
 G - 3 potions of curing
 M - a potion of magic
 Q - a potion of haste
Books
 t - the Compendium of Evil Secrets
   (You found it on level 2 of the Shoals)

   Spells                             Type                      Level
   a - Animate Skeleton               Necromancy                   1
   b - Regeneration                   Charms/Necromancy            3
   c - Agony                          Necromancy                   5
   d - Simulacrum                     Ice/Necromancy               6
Miscellaneous
 g - a box of beasts
 u - a fan of gales
Comestibles
 f - 10 bread rations
 q - 5 chunks of flesh
 z - 2 royal jellies


   Skills:
 + Level 16.7(21.7) Fighting
 + Level 16.6(21.6) Polearms
 + Level 17.1(22.1) Armour
 - Level 7.0(12.0) Dodging
 + Level 16.7(21.7) Shields
 + Level 13.0 Invocations
 - Level 6.0 Evocations


You had 16 spell levels left.
You didn't know any spells.

Dungeon Overview and Level Annotations

Branches:
Dungeon (10/15)            Temple (1/1) D:6            Lair (6/6) D:9
 Shoals (3/4) Lair:3       Spider (3/4) Lair:2        Slime (0/5) Lair:5
    Orc (2/2) D:9             Elf (0/3) Orc:2

Altars:
Ashenzari
Cheibriados
Dithmenos
Elyvilon
Fedhas
Gozag
Hepliaklqana
Kikubaaqudgha
Makhleb
Nemelex Xobeh
Okawaru
Qazlal
Ru
Sif Muna
Trog
Uskayaw
Vehumet
Xom
Yredelemnul
Zin
The Shining One
Lugonu

Shops:
Orc:2 }[!!   Shoals:1 }

Portals:
Pandemonium: Orc:2

Annotations:
D:4 Prince Ribbit
D:9 exclusion: statue
Shoals:3 Jorgrun


Innate Abilities, Weirdness & Mutations

You reflexively headbutt those who attack you in melee.
You have a pair of horns on your head.
You are frail. (-10% HP)


Message History

Your unstable footing causes you to fumble your attack.
Jorgrun says, "Tha earth be me home, an' ye be trespassing!"
Jorgrun closely misses you.
Your limbs are stiffening.
Your unstable footing causes you to fumble your attack.
The manticore barely misses you. x3; Jorgrun splashes around in the water.
You have turned to stone.
The manticore bites you but does no damage.
The manticore claws you!
The manticore claws you but does no damage.
Jorgrun splashes around in the water.
The manticore bites you!
The manticore claws you but does no damage. x2
A snapping turtle comes into view.
The snapping turtle hisses angrily.
Jorgrun hits you but does no damage. The manticore completely misses you.
The manticore claws you but does no damage. x2
Jorgrun mumbles some strange words.
The dungeon rumbles around Jorgrun!
You shudder from the earth-shattering force.
Ouch! That really hurt!
You die...

≈≈≈≈≈..≈≈≈≈≈≈≈≈≈≈≈≈≈≈≈≈.
≈≈≈≈...≈≈≈≈≈≈≈≈≈≈≈≈≈≈≈.#
≈≈≈≈≈≈≈≈≈≈≈≈≈≈..≈≈≈≈≈≈≈.
≈≈≈≈≈≈≈≈≈≈≈≈≈...≈≈≈≈≈≈≈≈
≈≈≈≈≈≈≈≈≈≈≈≈≈...≈≈≈≈≈≈≈≈
≈≈≈≈≈≈≈≈≈≈≈≈≈≈≈≈≈≈≈≈≈≈≈≈
≈≈≈≈≈≈≈≈≈≈≈≈≈≈≈≈≈.≈≈.#
≈≈≈≈≈≈≈≈≈≈≈≈≈≈%≈≈g≈≈.##≈
≈≈≈≈≈≈≈≈≈≈≈≈≈≈≈≈@H≈.....
≈≈≈≈≈≈≈≈≈≈≈≈≈≈≈≈≈≈≈.....
≈≈≈≈≈≈≈≈≈≈≈≈≈≈≈≈≈≈≈≈....
≈≈≈≈≈≈≈≈≈≈≈≈≈≈≈≈≈≈≈≈....
≈≈≈≈≈≈≈≈≈≈≈≈≈≈≈≈≈.....t...≈≈≈≈≈≈≈
≈≈≈≈≈≈≈≈.≈≈≈≈≈≈.....#.#....≈≈≈..g
≈≈≈≈≈≈≈≈≈.......#.# ...≈≈≈≈.
###......... . ..≈≈.. . #.≈≈<#


You could see Jorgrun, a snapping turtle and a manticore.

Vanquished Creatures
  Asterion (Spider:1)
  2 deep elf blademasters (Abyss:3)
  2 krakens
  Polyphemus (Shoals:3)
  7 tentacled starspawn (Abyss:3)
  A thorn hunter (Abyss:3)
  Donald (Shoals:3)
  2 deep elf sorcerers (Abyss:3)
  An emperor scorpion (Spider:3)
  An entropy weaver (Spider:2)
  2 stone giants
  2 dire elephants (Abyss:3)
  A spark wasp (Spider:3)
  A blizzard demon (Abyss:3)
  3 merfolk impalers
  An ettin (Orc:1)
  2 rakshasas (Abyss:3)
  Josephine (Orc:1)
  3 catoblepae
  A naga warrior (Abyss:3)
  8 hydras
  Erica (D:8)
  A dancing weapon (Abyss:3)
  A satyr (Abyss:3)
  A merfolk avatar (Shoals:2)
  A deep troll shaman (Lair:6)
  A titan zombie (Abyss:3)
  6 orc high priests (Orc:2)
  7 death yaks
  14 thrashing horrors (Abyss:3)
  A fire crab (Lair:6)
  3 sixfirhies (Abyss:3)
  6 wretched stars (Abyss:3)
  A slime creature (Lair:5)
  4 spatial maelstroms (Abyss:3)
  3 gelid demonspawn (Orc:2)
  2 glowing orange brains (Abyss:3)
  6 sea snakes
  4 harpies (Shoals:1)
  A phantasmal warrior (Abyss:3)
  5 lindwurms
  5 orc knights (Orc:2)
  Pikel (D:5)
  10 orb spiders
  The ghost of herpmino the Grappler, a novice VSMo (D:5)
  A hill giant (D:10)
  8 worldbinders (Abyss:3)
  8 wolf spiders
  A cyclops (Shoals:1)
  6 manticores
  5 orc sorcerers (Orc:2)
  A guardian serpent (Abyss:3)
  4 black mambas
  10 elephants (Lair:6)
  A rust devil (Abyss:3)
  3 water nymphs
  4 sirens
  4 orange demons
  A torpor snail (Spider:3)
  3 smoke demons
  2 rime drakes
  An emperor scorpion zombie (Abyss:3)
  17 spiny frogs
  10 komodo dragons
  An anaconda simulacrum (Abyss:3)
  3 hellwings
  9 ancient zymes (Abyss:3)
  4 demonic crawlers
  3 trolls
  21 jumping spiders
  11 merfolk
  A wind drake (Shoals:2)
  2 hornets
  4 polar bears (D:10)
  18 blink frogs
  A wolf spider simulacrum (Abyss:3)
  12 raiju (Abyss:3)
  23 dream sheep
  16 hippogriffs
  5 snapping turtles
  14 large abominations (Abyss:3)
  4 flying skulls (Abyss:3)
  Sigmund (D:4)
  37 redbacks
  33 yaks
  7 tarantellas
  An air elemental (Abyss:3)
  5 wraiths (Orc:1)
  5 ynoxinuls
  23 starcursed masses (Abyss:3)
  3 basilisks
  7 water elementals
  2 wyverns (Lair:2)
  2 chaos spawn
  A hungry ghost (D:7)
  13 small abominations
  5 neqoxecs
  Menkaure (D:4)
  Edmund (D:5)
  6 insubstantial wisps (Abyss:3)
  4 hell hounds (Abyss:3)
  3 wargs
  Duvessa (D:5)
  11 water moccasins
  A sky beast (D:9)
  11 porcupines
  4 ice beasts
  22 orc warriors
  2 slaves (D:4)
  2 phantoms
  An eye of draining (Abyss:3)
  11 black bears
  9 ogres
  2 necrophages
  19 wolves
  3 centaurs
  A big kobold (Sewer)
  12 crocodiles
  13 bullfrogs
  Dowan (D:5)
  2 scorpions
  3 killer bees (D:9)
  4 wights (D:6)
  2 electric eels (Spider:2)
  2 howler monkeys
  2 crimson imps
  7 hounds
  4 quasits (Abyss:3)
  A centaur zombie (D:10)
  A jelly (Lair:5)
  14 orc wizards
  32 orc priests
  2 iron imps (Abyss:3)
  Jessica (D:2)
  A centaur skeleton (D:5)
  2 iguanas
  9 worker ants
  A hound skeleton (D:6)
  5 adders
  2 river rats (Sewer)
  7 shadow imps
  3 white imps (Abyss:3)
  2 ufetubi (Abyss:3)
  An ooze (D:4)
  3 adder skeletons
  A worm (D:2)
  10 leopard geckos
  78 orcs
  10 giant cockroaches
  9 goblins
  3 hobgoblins
  6 jackals
  12 kobolds
  6 quokkas
  3 ball pythons
  5 bats
  8 frilled lizards
  A giant cockroach zombie (D:5)
  A leopard gecko skeleton (D:7)
  A quokka skeleton (D:4)
  9 rats
  8 tentacles
942 creatures vanquished.

Vanquished Creatures (collateral kills)
  An orc sorcerer (Orc:2)
  4 orc warriors (Orc:2)
  An orc wizard (Orc:2)
  An orc priest (Orc:2)
7 creatures vanquished.

Vanquished Creatures (others)
  Nessos (Lair:5)
  A merfolk aquamancer (Shoals:3)
  A faun (Shoals:2)
  A sky beast (D:7)
  An ufetubus (Abyss:3)
  A bush (Lair:2)
  9 fungi
  8 plants
  14 starspawn tentacles (Abyss:3)
  43 tentacles
80 creatures vanquished.

Grand Total: 1029 creatures vanquished

Notes
Turn   | Place    | Note
-------+----------+-------------------------------------------
     0 | D:1      | Krapule the Minotaur Fighter began the quest for the Orb.
     0 | D:1      | Reached XP level 1. HP: 19/19 MP: 0/0
   284 | D:1      | Reached XP level 2. HP: 27/27 MP: 1/1
   636 | D:2      | Noticed Jessica
   648 | D:2      | Killed Jessica
   648 | D:2      | Reached skill level 1 in Dodging
   648 | D:2      | Reached XP level 3. HP: 28/33 MP: 2/2
   694 | D:2      | Reached skill level 4 in Armour
   826 | D:2      | Found a shattered altar of Ashenzari.
   916 | D:2      | Found a burning altar of Makhleb.
   929 | D:2      | Reached XP level 4. HP: 28/41 MP: 3/3
  1328 | D:3      | Reached XP level 5. HP: 22/47 MP: 4/4
  1651 | D:3      | Found a sacrificial altar of Ru.
  1753 | D:3      | Found a glowing golden altar of the Shining One.
  1862 | D:3      | Found a snail-covered altar of Cheibriados.
  1919 | D:4      | Noticed Sigmund
  1985 | D:4      | Reached skill level 5 in Shields
  1998 | D:4      | Reached skill level 5 in Fighting
  1998 | D:4      | Reached XP level 6. HP: 29/56 MP: 5/5
  2080 | D:4      | Found a sparkling altar of Nemelex Xobeh.
  2102 | D:4      | Reached skill level 5 in Armour
  2199 | D:4      | Found a glowing drain.
  2215 | D:4      | Noticed Menkaure
  2238 | Sewer    | Entered a sewer
  2565 | Sewer    | Found a white marble altar of Elyvilon.
  2624 | D:4      | Reached XP level 7. HP: 26/61 MP: 6/6
  2628 | D:4      | Killed Menkaure
  2632 | D:4      | HP: 3/61 [something (1)]
  2642 | D:4      | Killed Sigmund
  2642 | D:4      | Reached skill level 5 in Polearms
  3203 | D:5      | Entered Level 5 of the Dungeon
  3203 | D:5      | Noticed Pikel
  3303 | D:5      | Noticed Prince Ribbit
  3308 | D:5      | Noticed Dowan
  3438 | D:5      | Noticed Edmund
  3473 | D:5      | Killed Edmund
  3473 | D:5      | Reached skill level 6 in Armour
  3525 | D:5      | Noticed herpmino's ghost (novice VSMo)
  3531 | D:5      | Reached XP level 8. HP: 67/70 MP: 7/7
  3565 | D:5      | Killed herpmino's ghost
  3757 | D:5      | Found a bloodstained altar of Trog.
  3823 | D:5      | Killed Dowan
  3823 | D:5      | Reached skill level 5 in Dodging
  3907 | D:5      | Noticed Duvessa
  3917 | D:5      | Killed Duvessa
  3917 | D:5      | Reached skill level 7 in Armour
  4332 | D:5      | Killed Pikel
  4332 | D:5      | Reached XP level 9. HP: 79/79 MP: 8/8
  4684 | D:6      | Found a blossoming altar of Fedhas.
  4732 | D:6      | Found a basalt altar of Yredelemnul.
  4759 | D:6      | Found a staircase to the Ecumenical Temple.
  4768 | Temple   | Entered the Ecumenical Temple
  4961 | D:6      | Found a glowing silver altar of Zin.
  5112 | D:6      | Reached skill level 1 in Evocations
  5711 | D:7      | Reached skill level 8 in Armour
  6288 | D:7      | Found a deep blue altar of Sif Muna.
  6404 | D:7      | Found a bloodstained altar of Trog.
  6493 | D:7      | Reached XP level 10. HP: 78/90 MP: 10/10
  6689 | D:8      | Found a faded altar of an unknown god.
  6689 | D:8      | Found a faded altar of an unknown god.
  6694 | D:8      | Found a glowing golden altar of the Shining One.
  6695 | D:8      | Noticed Erica
  6730 | D:8      | Killed Erica
  6770 | D:8      | Found a hide-covered altar of Uskayaw.
  6772 | D:8      | Found an iron altar of Okawaru.
  6777 | D:8      | Became a worshipper of Warmaster Okawaru
  7430 | D:9      | Reached skill level 1 in Invocations
  7488 | D:9      | Reached * piety under Okawaru
  7564 | D:9      | Reached skill level 9 in Armour
  7615 | D:9      | Found a staircase to the Orcish Mines.
  7679 | D:9      | Found an ancient bone altar of Kikubaaqudgha.
  7775 | D:9      | Found a radiant altar of Vehumet.
  7826 | D:9      | Found a staircase to the Lair.
  7936 | Lair:1   | Entered Level 1 of the Lair of Beasts
  8073 | Lair:1   | Noticed a black mamba
  8093 | Lair:1   | Killed a black mamba
  8093 | Lair:1   | Reached ** piety under Okawaru
  8244 | Lair:1   | Noticed a spiny frog
  8251 | Lair:1   | Killed a spiny frog
  8500 | Lair:1   | Noticed a spiny frog
  8513 | Lair:1   | Killed a spiny frog
  8513 | Lair:1   | Reached XP level 11. HP: 69/97 MP: 12/12
  8805 | Lair:1   | Reached *** piety under Okawaru
  9710 | Lair:2   | Got a twisted plate armour
  9725 | Lair:1   | Identified the +2 plate armour "Tenudd" {rElec rF+} (You found it on level 2 of the Lair of Beasts)
  9732 | Lair:2   | Noticed a five-headed hydra
  9766 | Lair:2   | Killed a five-headed hydra
  9766 | Lair:2   | Reached skill level 10 in Shields
  9966 | Lair:1   | Reached **** piety under Okawaru
 10093 | Lair:1   | Reached skill level 10 in Fighting
 10322 | Lair:2   | Reached skill level 10 in Armour
 10691 | Lair:2   | Reached skill level 10 in Polearms
 10892 | Lair:2   | Noticed a seven-headed hydra
 11001 | Lair:2   | Reached ***** piety under Okawaru
 11342 | Lair:2   | Reached skill level 5 in Evocations
 11407 | Lair:2   | Received a gift from Okawaru
 11407 | Lair:2   | Reached skill level 5 in Invocations
 11455 | Lair:2   | Reached XP level 12. HP: 43/108 MP: 14/14
 11465 | Lair:2   | Got a transparent hat {god gift}
 11471 | Lair:2   | Identified the +2 hat "Umeeh" {rPois Str+4} (Okawaru gifted it to you on level 2 of the Lair of Beasts)
 11885 | Lair:2   | Found a hole to the Spider Nest.
 12478 | Lair:3   | Reached skill level 11 in Armour
 12949 | Lair:3   | Received a gift from Okawaru
 12965 | Lair:3   | Got an encrusted longbow {god gift}
 13190 | Lair:3   | Found a staircase to the Shoals.
 13501 | Lair:4   | Noticed a six-headed hydra
 13871 | Lair:4   | Killed a six-headed hydra
 14020 | Lair:4   | Reached ****** piety under Okawaru
 14157 | Lair:4   | Received a gift from Okawaru
 14188 | Lair:4   | Got a slimy glaive {god gift}
 14434 | Lair:4   | Reached skill level 12 in Armour
 14777 | Lair:5   | Noticed a seven-headed hydra
 14790 | Lair:5   | Killed a seven-headed hydra
 14790 | Lair:5   | Reached XP level 13. HP: 78/117 MP: 15/17
 14863 | Lair:5   | Found a staircase to the Slime Pits.
 15343 | Lair:6   | Entered Level 6 of the Lair of Beasts
 16155 | Lair:5   | Noticed Nessos
 16203 | Lair:5   | Received a gift from Okawaru
 16603 | Lair:5   | Received a gift from Okawaru
 16836 | Lair:5   | Killed Nessos
 17209 | Lair:5   | Reached skill level 13 in Armour
 17833 | Lair:6   | Received a gift from Okawaru
 17875 | Lair:6   | Reached XP level 14. HP: 126/127 MP: 19/19
 18589 | Lair:6   | Received a gift from Okawaru
 18592 | Lair:6   | Got an ancient trident {god gift}
 18593 | Lair:6   | Identified the +4 trident of the Open Hand {flame, +Inv rC+} (Okawaru gifted it to you on level 6 of the Lair of Beasts)
 19257 | Lair:1   | Identified the +3 glaive of Awkwardness {antimagic, rElec rPois Dex-2 SInv} (Okawaru gifted it to you on level 4 of the Lair of Beasts)
 19259 | Lair:1   | Identified the +1 longbow "Yhiepp" {velocity, Dex+6 Stlth-} (Okawaru gifted it to you on level 3 of the Lair of Beasts)
 19307 | Orc:1    | Entered Level 1 of the Orcish Mines
 19495 | Orc:1    | Noticed Josephine
 19524 | Orc:1    | Killed Josephine
 19956 | Orc:2    | Entered Level 2 of the Orcish Mines
 19956 | Orc:2    | Noticed a stone giant
 19972 | Orc:1    | Killed a stone giant
 20477 | Orc:2    | Found a staircase to the Elven Halls.
 20908 | Orc:2    | Noticed a stone giant
 20921 | Orc:2    | Killed a stone giant
 21131 | Orc:2    | Received a gift from Okawaru
 21330 | Orc:2    | Found Kukkarirr's Distillery.
 21383 | Orc:2    | Found Yllijide's Distillery.
 21836 | Orc:2    | Reached skill level 14 in Armour
 22127 | Orc:2    | Reached skill level 10 in Invocations
 22410 | Orc:2    | Found Toadeel's Antique Armour Emporium.
 22410 | Orc:2    | Found a one-way gate leading to the halls of Pandemonium.
 22410 | Orc:2    | Found Heuxeh's Gadget Shoppe.
 22416 | Orc:2    | Bought an embroidered cloak for 273 gold pieces
 22425 | Orc:2    | Bought a wand of heal wounds (5/9) for 702 gold pieces
 22425 | Orc:2    | Bought a wand of teleportation (6/9) for 390 gold pieces
 22454 | Orc:2    | Bought a potion of heal wounds for 65 gold pieces
 22456 | Orc:2    | Bought a potion of heal wounds for 90 gold pieces
 22565 | D:10     | Entered Level 10 of the Dungeon
 22622 | D:10     | Found a huge runed gate.
 22622 | D:10     | Found a huge runed gate.
 22622 | D:10     | Found a huge runed gate.
 22836 | D:10     | Found a huge runed gate.
 22855 | D:10     | Received a gift from Okawaru
 22875 | D:10     | Reached XP level 15. HP: 138/138 MP: 21/21
 22890 | D:10     | Received a gift from Okawaru
 23296 | Spider:1 | Entered Level 1 of the Spider Nest
 23356 | Spider:1 | Noticed Asterion
 23401 | Spider:1 | Killed Asterion
 24436 | Spider:1 | Received a gift from Okawaru
 25642 | Spider:3 | Received a gift from Okawaru
 25794 | Spider:3 | Got a jewelled ring mail
 26384 | Spider:3 | Reached skill level 15 in Armour
 26938 | Lair:1   | Identified the +1 ring mail of the Iron City of Dis {rC+} (You found it on level 3 of the Spider Nest)
 27092 | Shoals:1 | Entered Level 1 of the Shoals
 27362 | Shoals:1 | Reached skill level 15 in Fighting
 27405 | Shoals:1 | Noticed a kraken
 27717 | Shoals:1 | Killed a kraken
 27962 | Shoals:1 | Found Huacsep's Gadget Shop.
 27982 | Shoals:1 | Received a gift from Okawaru
 27982 | Shoals:1 | Reached XP level 16. HP: 139/149 MP: 23/23
 27983 | Shoals:1 | Got a wizard robe {god gift}
 28027 | Shoals:1 | Reached skill level 15 in Polearms
 28500 | Shoals:2 | Identified the +2 robe of Filth {rF- rC+ Str+3 SInv} (Okawaru gifted it to you on level 1 of the Shoals)
 28720 | Shoals:2 | Cast into level 3 of the Abyss (merfolk)
 28948 | Abyss:3  | Noticed a tentacled starspawn
 29040 | Abyss:3  | Reached skill level 15 in Shields
 29112 | Abyss:3  | Noticed a tentacled starspawn
 29244 | Abyss:3  | Noticed a tentacled starspawn
 29261 | Abyss:3  | Killed a tentacled starspawn
 29298 | Abyss:3  | Found a corrupted altar of Lugonu.
 29387 | Abyss:3  | Noticed a tentacled starspawn
 29395 | Abyss:3  | Killed a tentacled starspawn
 29543 | Abyss:3  | Received a gift from Okawaru
 29587 | Abyss:3  | Noticed a quicksilver dragon
 29760 | Abyss:3  | Noticed a lich
 29895 | Abyss:3  | Reached skill level 16 in Armour
 30000 | Abyss:3  | Noticed a tentacled starspawn
 30014 | Abyss:3  | Killed a tentacled starspawn
 30033 | Abyss:3  | Noticed a tentacled starspawn
 30034 | Abyss:3  | Noticed a tentacled starspawn
 30051 | Abyss:3  | Killed a tentacled starspawn
 30090 | Abyss:3  | Killed a tentacled starspawn
 30789 | Abyss:3  | Received a gift from Okawaru
 30791 | Abyss:3  | Found a corrupted altar of Lugonu.
 30890 | Abyss:3  | Noticed a tentacled starspawn
 30911 | Abyss:3  | Killed a tentacled starspawn
 30929 | Abyss:3  | Noticed a lich
 30942 | Abyss:3  | Paralysed by a lich for 7 turns
 31002 | Abyss:3  | Got a faintly humming chain mail
 31154 | Abyss:3  | Reached XP level 17. HP: 115/158 MP: 22/22
 31421 | Abyss:3  | Paralysed by accursed screaming for 1 turns
 31536 | Abyss:3  | Received a gift from Okawaru
 31655 | Abyss:3  | Noticed a deep elf blademaster
 31692 | Abyss:3  | Killed a deep elf blademaster
 31786 | Abyss:3  | Noticed a deep elf blademaster
 31801 | Abyss:3  | Killed a deep elf blademaster
 31810 | Abyss:3  | Got an abyssal rune of Zot
 31953 | Abyss:4  | Found a corrupted altar of Lugonu.
 31976 | Abyss:4  | Gained mutation: You are frail. (-10% HP) [a neqoxec]
 32010 | Abyss:4  | Found a corrupted altar of Lugonu.
 32060 | Shoals:2 | Escaped the Abyss
 32460 | Lair:1   | Identified the +5 chain mail of Valour {Str-3 Int+5 Dex+7} (You found it on level 3 of the Abyss)
 32806 | Shoals:2 | Noticed a kraken
 33044 | Shoals:2 | Received a gift from Okawaru
 33088 | Shoals:2 | Killed a kraken
 33088 | Shoals:2 | Reached skill level 17 in Armour
 33230 | Shoals:2 | Identified the Compendium of Evil Secrets
 33427 | Shoals:3 | Noticed Donald
 33453 | Shoals:3 | Killed Donald
 33475 | Shoals:3 | Noticed a kraken
 33539 | Shoals:3 | Noticed Polyphemus
 33785 | Shoals:3 | Killed Polyphemus
 33793 | Shoals:3 | Noticed Jorgrun
 34011 | Shoals:3 | Killed from afar by Jorgrun

Skill      XL: |  1  2  3  4  5  6  7  8  9 10 11 12 13 14 15 16 17 |
---------------+----------------------------------------------------+-----
Fighting       | 4 5 6 7 8 9 10 11 12 14 15 16 | 16.7
Polearms       | 3 4 5 6 7 9 10 11 12 14 15 16 | 16.6
Dodging        | 1 2 3 4 5 6 7 |  7.0
Shields        | 4 5 6 7 8 9 10 11 12 13 14 15 16 | 16.7
Armour         | 4 5 6 7 8 9 10 12 13 14 15 16 17 | 17.1
Evocations     | 2 3 5 6 |  6.0
Invocations    | 2 5 7 8 10 11 12 13 | 13.0

Action                   |  1- 3 |  4- 6 |  7- 9 | 10-12 | 13-15 | 16-18 || total
-------------------------+-------+-------+-------+-------+-------+-------++-------
Melee: Trident           |   108 |   209 |   436 |   926 |  1692 |  1214 ||  4585
       Headbutt          |    10 |    33 |    87 |   207 |   457 |   364 ||  1158
Invok: Heroism           |       |       |       |     2 |     4 |     9 ||    15
       Finesse           |       |       |       |       |     1 |     2 ||     3
 Abil: Evoke Invisibilit |       |       |       |       |       |     1 ||     1
Evoke: Wand              |       |       |     1 |    14 |    29 |    18 ||    62
       Fan of gales      |       |       |       |     2 |     1 |       ||     3
       Box of beasts     |       |       |       |       |     1 |       ||     1
  Use: Scroll            |       |     7 |     4 |     4 |    16 |     8 ||    39
       Potion            |       |     1 |     4 |     1 |     4 |     7 ||    17
 Stab: Paralysed         |       |       |       |     2 |       |       ||     2
       Confused          |       |       |       |       |     5 |       ||     5
       Distracted        |       |       |       |       |       |     5 ||     5
       Invisible         |       |       |       |       |       |     5 ||     5
  Eat: Chunk             |       |     6 |    16 |    27 |    40 |     7 ||    96
       Fruit             |       |       |       |       |     1 |       ||     1
       Pizza             |       |       |       |       |     1 |       ||     1
       Meat ration       |       |       |       |       |       |     1 ||     1
       Beef jerky        |       |       |       |       |       |     1 ||     1
       Bread ration      |       |       |       |       |       |     2 ||     2
Armor: Scale mail        |    29 |    15 |       |       |       |       ||    44
       Plate armour      |       |   101 |   116 |   250 |   352 |   291 ||  1110
       Skin              |       |       |       |     5 |    20 |       ||    25
Dodge: Dodged            |    22 |    54 |    59 |   218 |   407 |   361 ||  1121
Block: Shield            |    38 |   121 |   173 |   432 |   651 |   530 ||  1945
       Reflection        |       |       |       |       |    13 |    21 ||    34
